 Dungeon Crawl Stone Soup version 0.21.1-1-g345015f (webtiles) character file.

5222 xccam the Basher (level 10, -10/60 HPs)
             Began as a Gargoyle Fighter on Feb 14, 2018.
             Was an Elder of Okawaru.
             Mangled by Snorg (13 damage)
             ... on level 10 of the Dungeon.
             The game lasted 00:21:51 (7034 turns).

xccam the Basher (Gargoyle Fighter)                 Turns: 7034, Time: 00:21:51

Health: -10/60     AC: 25    Str: 25    XL:     10   Next: 61%
Magic:  0/10       EV:  5    Int: 10    God:    Okawaru [****..]
Gold:   421        SH: 14    Dex: 12    Spells: 9/9 levels left

rFire    . . .     SeeInvis +   B - +2 whip (freeze)
rCold    . . .     Gourm    .   j - +0 large shield
rNeg     + . .     Faith    .   a - +0 plate armour
rPois    ∞         Spirit   +   m - +2 helmet
rElec    +         Reflect  .   (no cloak)
rCorr    .         Harm     .   (no gloves)
MR       .....                  o - +0 pair of boots
Stlth    ..........             q - amulet of guardian spirit
HPRegen  0.20/turn              n - +2 ring of strength
MPRegen  0.12/turn              r - ring of see invisible

@: no status effects
A: blurry vision 1, clever 1, negative energy resistance 1, shaggy fur 1,
electricity resistance, strong 1, unbreathing, petrification resistance, rot
immunity, AC +7
a: Heroism, Renounce Religion


You were on level 10 of the Dungeon.
You worshipped Okawaru.
Okawaru was greatly pleased with you.
You were not hungry.

You visited 2 branches of the dungeon, and saw 11 of its levels.

You collected 421 gold pieces.

Inventory:

Hand Weapons
 B - a +2 whip of freezing (weapon)
Missiles
 p - 6 poisoned javelins (quivered)
Armour
 a - a +0 plate armour (worn)
 c - a +0 shield
 j - a +0 large shield (worn)
 m - a +2 helmet (worn)
 o - a +0 pair of boots (worn)
Jewellery
 g - an uncursed ring of stealth
 n - a +2 ring of strength (left hand)
 q - an amulet of guardian spirit (around neck)
 r - a ring of see invisible (right hand)
 s - an uncursed ring of protection from fire
 v - an uncursed ring of positive energy
Wands
 b - a wand of flame (31)
 y - a wand of acid (11)
Scrolls
 d - a scroll of remove curse
 e - 2 scrolls of amnesia
 i - 4 scrolls of teleportation
 k - 5 scrolls of identify
 l - a scroll of fog
 u - a scroll of fear
 z - 2 scrolls of blinking
Potions
 h - 2 potions of curing
 t - a potion of might
Comestibles
 f - 24 rations


   Skills:
 + Level 6.0 Fighting
 - Level 12.0 Maces & Flails
 + Level 1.5 Throwing
 + Level 6.0 Armour
 * Level 5.3 Dodging
 - Level 3.2 Shields


You had 9 spell levels left.
You didn't know any spells.

Dungeon Overview and Level Annotations

Branches:
Dungeon (11/15)            Temple (1/1) D:5
   Lair: D:8-11         Orc: D:9-12

Altars:
Ashenzari
Cheibriados
Dithmenos
Elyvilon
Fedhas
Gozag
Hepliaklqana
Kikubaaqudgha
Makhleb
Nemelex Xobeh
Okawaru
Qazlal
Ru
Sif Muna
Trog
Uskayaw
Vehumet
Wu Jian
Xom
Yredelemnul
Zin
The Shining One

Shops:
D:6 %[

Annotations:
D:3 teukkam's ghost, weakling GnWn
D:10 Snorg


Innate Abilities, Weirdness & Mutations

You are resistant to torment.
Your stone body is resilient. (AC +7)
You are immune to poison.
You resist negative energy. (rN+)
You are resistant to electric shocks. (rElec)
You can survive without breathing.
You are immune to petrification.
You are immune to rotting.
Scrolls take you a little longer to read.
Your mind is acute. (Int +2)
You are covered in fur. (AC +1)
Your muscles are strong. (Str +2)


Message History

Snorg barely misses you.
You hit Snorg. You freeze Snorg.
Snorg is severely wounded.
You block Snorg's attack. Snorg claws you but does no damage. Snorg claws you!
You closely miss Snorg.
Snorg is severely wounded.
Snorg barely misses you. Snorg claws you but does no damage. x2
You closely miss Snorg.
Snorg is severely wounded.
Snorg bites you but does no damage. Snorg claws you but does no damage.
You block Snorg's attack. Snorg completely misses you. Snorg barely misses you.
You block Snorg's attack.
You hit Snorg. You freeze Snorg.
Snorg is severely wounded.
You hit Snorg. You freeze Snorg.
Snorg is severely wounded.
Snorg bites you!!
* * * LOW HITPOINT WARNING * * *
Snorg claws you!
You die...

######+#### #
#.........# #.
#........# #..
#........## #...
#.........#
#....#.........#
#....T@........#
#....#.........##
##.# #####......#
# ###.###)#####
#.........#
#.........#
#}........#
###+##....# #...
#....#


You could see Snorg (berserk).

Vanquished Creatures
  A two-headed ogre (D:8)
  Pikel (D:6)
  Joseph (D:7)
  2 hornets (D:8)
  A wraith (D:11)
  Menkaure (D:7)
  A soldier ant (D:8)
  A sky beast (D:8)
  2 orc warriors
  A slave (D:6)
  2 ice beasts (D:7)
  An eye of draining (D:10)
  A phantom (D:5)
  5 ogres
  2 centaurs
  A bullfrog (D:6)
  A water moccasin zombie (D:8)
  A scorpion (D:7)
  9 killer bees
  3 wights (D:7)
  2 howler monkeys
  A crimson imp (D:6)
  A bullfrog zombie (D:8)
  A centaur skeleton (D:10)
  4 jellies
  4 hounds
  5 orc priests
  2 iguanas
  Terence (D:3)
  Natasha (D:4)
  6 orc wizards
  8 worker ants
  Robin (D:3)
  7 adders
  2 shadow imps
  An ooze (D:2)
  An adder skeleton (D:3)
  2 worms (D:2)
  A dart slug (D:1)
  4 leopard geckos
  14 orcs
  2 ball pythons
  9 bats
  8 giant cockroaches
  8 goblins
  12 hobgoblins
  4 jackals (D:2)
  7 kobolds
  A quokka (D:2)
  A ball python zombie (D:5)
  7 frilled lizards
  A leopard gecko zombie (D:6)
  5 rats
172 creatures vanquished.

Vanquished Creatures (others)
  A bullfrog (D:8)
  3 orcs
4 creatures vanquished.

Grand Total: 176 creatures vanquished

Notes
Turn   | Place    | Note
-------+----------+-------------------------------------------
     0 | D:1      | xccam the Gargoyle Fighter began the quest for the Orb.
     0 | D:1      | Reached XP level 1. HP: 14/14 MP: 1/1
    72 | D:1      | Reached XP level 2. HP: 16/19 MP: 2/2
   140 | D:1      | Reached skill level 3 in Maces & Flails
   523 | D:1      | Reached XP level 3. HP: 22/23 MP: 3/3
   680 | D:2      | Reached skill level 4 in Maces & Flails
   929 | D:2      | Found a hazy altar of Hepliaklqana.
   941 | D:2      | Reached XP level 4. HP: 28/28 MP: 4/4
  1763 | D:3      | Noticed Terence
  1796 | D:3      | Killed Terence
  1796 | D:3      | Reached skill level 5 in Maces & Flails
  1796 | D:3      | Reached XP level 5. HP: 18/32 MP: 5/5
  2098 | D:3      | Noticed teukkam's ghost (weakling GnWn)
  2348 | D:3      | Noticed Robin
  2358 | D:3      | Killed Robin
  2450 | D:3      | Gained mutation: You are covered in fur. (AC +1) [potion of mutation]
  2450 | D:3      | Gained mutation: Your muscles are strong. (Str +2) [potion of mutation]
  2450 | D:3      | Gained mutation: Scrolls take you a little longer to read. [potion of mutation]
  2450 | D:3      | Gained mutation: Your mind is acute. (Int +2) [potion of mutation]
  2604 | D:4      | Found a blossoming altar of Fedhas.
  2607 | D:4      | Noticed a centaur
  2638 | D:4      | Killed a centaur
  2638 | D:4      | Reached skill level 6 in Maces & Flails
  2638 | D:4      | Reached XP level 6. HP: 6/37 MP: 1/6
  3335 | D:4      | Noticed Natasha
  3343 | D:4      | Killed Natasha
  3351 | D:4      | Found a hide-covered altar of Uskayaw.
  3407 | D:5      | Entered Level 5 of the Dungeon
  3468 | D:5      | Reached skill level 7 in Maces & Flails
  3486 | D:5      | Noticed an orc warrior
  3787 | D:5      | Reached XP level 7. HP: 28/41 MP: 5/7
  3801 | D:5      | Reached skill level 8 in Maces & Flails
  4179 | D:5      | Reached skill level 9 in Maces & Flails
  4179 | D:5      | Reached XP level 8. HP: 46/46 MP: 8/8
  4316 | D:5      | Found an ancient bone altar of Kikubaaqudgha.
  4316 | D:5      | Found an ancient bone altar of Kikubaaqudgha.
  4317 | D:5      | Found a deep blue altar of Sif Muna.
  4317 | D:5      | Found a shattered altar of Ashenzari.
  4318 | D:5      | Found a hide-covered altar of Uskayaw.
  4318 | D:5      | Found a shimmering altar of Xom.
  4320 | D:5      | Found a glowing golden altar of the Shining One.
  4320 | D:5      | Found a radiant altar of Vehumet.
  4321 | D:5      | Found a hide-covered altar of Uskayaw.
  4321 | D:5      | Found a shadowy altar of Dithmenos.
  4322 | D:5      | Found a white marble altar of Elyvilon.
  4322 | D:5      | Found a shimmering altar of Xom.
  4328 | D:5      | Found a staircase to the Ecumenical Temple.
  4333 | Temple   | Entered the Ecumenical Temple
  4498 | Temple   | Became a worshipper of Warmaster Okawaru
  4663 | D:6      | Found Othrik's Assorted Antiques.
  4765 | D:6      | Found Metacif's Antique Armour Shoppe.
  4786 | D:6      | Found Lin Okuh's Food Emporium.
  4993 | D:6      | Noticed Pikel
  5009 | D:6      | Killed Pikel
  5009 | D:6      | Reached * piety under Okawaru
  5009 | D:6      | Reached skill level 10 in Maces & Flails
  5018 | D:6      | Found a sparkling altar of Nemelex Xobeh.
  5071 | D:6      | Found a hide-covered altar of Uskayaw.
  5087 | D:6      | Found a sacrificial altar of Ru.
  5157 | D:7      | Noticed Menkaure
  5181 | D:6      | Reached skill level 11 in Maces & Flails
  5445 | D:6      | Reached XP level 9. HP: 20/51 MP: 5/9
  5520 | D:6      | Reached ** piety under Okawaru
  5680 | D:7      | Killed Menkaure
  5787 | D:7      | Reached skill level 12 in Maces & Flails
  5881 | D:7      | Reached skill level 1 in Dodging
  6118 | D:7      | Noticed Joseph
  6141 | D:7      | Killed Joseph
  6148 | D:7      | Reached *** piety under Okawaru
  6417 | D:8      | Noticed a two-headed ogre
  6431 | D:8      | Killed a two-headed ogre
  6431 | D:8      | Reached skill level 5 in Fighting
  6431 | D:8      | Reached skill level 5 in Armour
  6431 | D:8      | Reached XP level 10. HP: 45/59 MP: 7/10
  6558 | D:8      | Reached **** piety under Okawaru
  6558 | D:8      | Received a gift from Okawaru
  6671 | D:8      | Found a basalt altar of Yredelemnul.
  6752 | D:8      | Reached skill level 5 in Dodging
  6756 | D:8      | Reached skill level 1 in Throwing
  6845 | D:8      | Found a glowing golden altar of the Shining One.
  6857 | D:8      | Noticed an angel
  6876 | D:8      | Noticed a profane servitor
  6899 | D:8      | You fall through a shaft for 3 floors!
  6961 | D:10     | Entered Level 10 of the Dungeon
  7003 | D:10     | Noticed Snorg
  7034 | D:10     | HP: 3/60 [Snorg (16)]
  7034 | D:10     | Mangled by Snorg

Skill      XL: |  1  2  3  4  5  6  7  8  9 10 |
---------------+-------------------------------+-----
Maces & Flails | 3 4 5 6 7 9 11 12 | 12.0
Dodging        | 4 5 |  5.3
Fighting       | 5 6 |  6.0
Armour         | 5 6 |  6.0
Throwing       | 1 |  1.5
Shields        | |  3.2

Action                   |  1- 3 |  4- 6 |  7- 9 | 10-12 || total
-------------------------+-------+-------+-------+-------++-------
Melee: Flail             |   141 |   252 |   109 |       ||   502
       Whip              |       |       |   301 |   240 ||   541
Throw: Javelin           |       |       |       |     9 ||     9
Invok: Heroism           |       |       |       |     1 ||     1
  Use: Potion            |       |     6 |     4 |       ||    10
       Scroll            |       |     4 |    12 |     1 ||    17
  Eat: Chunk             |       |     6 |     6 |     2 ||    14
       Ration            |       |     1 |     1 |       ||     2
Armor: Scale mail        |    71 |   119 |    39 |       ||   229
       Plate armour      |       |       |    76 |   108 ||   184
Dodge: Dodged            |    44 |    56 |    46 |    47 ||   193
Block: Shield            |    63 |    47 |       |       ||   110
       Large shield      |       |   109 |   196 |   176 ||   481
